 Dungeon Crawl Stone Soup version 0.23-a0-619-g281719c (webtiles) character file.

9 Lavandula the Sneak (level 2, -3/17 HPs)
             Began as a Halfling Enchanter on Dec 22, 2018.
             Slain by a worker ant (6 damage)
             ... on level 3 of the Dungeon.
             The game lasted 00:01:55 (668 turns).

Lavandula the Sneak (Halfling Enchanter)             Turns: 668, Time: 00:01:56

Health: -3/17      AC:  3    Str:  9    XL:     2   Next: 20%
Magic:  0/4        EV: 15    Int: 13    God:
Gold:   11         SH:  0    Dex: 14    Spells: 1/4 levels left

rFire    . . .     SeeInvis .   a - +1 dagger
rCold    . . .     Gourm    .   (shield restricted)
rNeg     . . .     Faith    .   b - +0 robe
rPois    .         Spirit   .   (no helmet)
rElec    .         Reflect  .   (no cloak)
rCorr    .         Harm     .   h - +0 pair of gloves
MR       .....                  (no boots)
Stlth    ++........             (no amulet)
HPRegen  0.05/turn              (no ring)
MPRegen  0.09/turn              (no ring)

@: very slightly contaminated
A: small, mutation resistance 1
a: no special abilities


You were on level 3 of the Dungeon.
You were not hungry.

You visited 1 branch of the dungeon, and saw 4 of its levels.

You collected 11 gold pieces.

Inventory:

Hand Weapons
 a - a +1 dagger (weapon)
 e - a +0 hunting sling
Armour
 b - a +0 robe (worn)
 h - a +0 pair of gloves (worn)
Scrolls
 c - a scroll of identify {unknown}
 g - a scroll of blinking {unknown}
Comestibles
 d - a ration


   Skills:
 + Level 2.6 Short Blades
 - Level 2.1 Dodging
 - Level 3.2 Stealth
 - Level 1.5 Spellcasting
 - Level 2.4 Hexes


You had one spell level left.
You knew the following spells:

 Your Spells              Type           Power        Failure   Level  Hunger
a - Corona                Hex            #......      10%         1    ##.....
b - Ensorcelled Hibernat  Hex/Ice        #.....       24%         2    ###....

Your spell library contained the following spells:

 Spells                   Type           Power        Failure   Level  Hunger
 Confuse                  Hex            #.......     30%         3    ####...
 Tukima's Dance           Hex            #.......     30%         3    ####...
 Dazzling Spray           Conj/Hex       #.....       43%         3    ####...


Dungeon Overview and Level Annotations

Branches:
Dungeon (4/15)
 Temple: D:4-7

Altars:


Innate Abilities, Weirdness & Mutations

You are small and have problems with some larger weapons.
You are somewhat resistant to further mutation.


Message History

Aim: a worker ant (chance to defeat MR: 45%)
You miscast Ensorcelled Hibernation.
Nothing appears to happen.
The worker ant closely misses you.
An ooze comes into view.
The worker ant waves its antennae.
The ooze quivers.
Found a scroll labeled MEUQAM SOKYPNO.
The worker ant barely misses you.
The worker ant waves its antennae.
The worker ant barely misses you.
Found 14 gold pieces.
The worker ant completely misses you.
Casting: Ensorcelled Hibernation (safe; 24% risk of failure)
Confirm with . or Enter, or press ? or * to list all spells.
Aiming: Ensorcelled Hibernation (safe; 24% risk of failure)
Press: ? - help, Shift-Dir - straight line, f/p - worker ant
Aim: a worker ant (chance to defeat MR: 45%)
You miscast Ensorcelled Hibernation.
The light around you dims momentarily. The worker ant bites you.
You die...

#..###.#.###...
# ##.# #.#.#
.##.# #J###.#.#
# # #.....#..
#.######
#.J...# #.###J#
#.# #a# #.# #@#
#.$..........
#####........
#########


You could see a worker ant and an ooze.

Vanquished Creatures
  A dart slug (D:1)
  A goblin (D:2)
  2 hobgoblins
  A kobold (D:1)
  A frilled lizard (D:1)
6 creatures vanquished.

Notes
Turn   | Place    | Note
-------+----------+-------------------------------------------
     0 | D:1      | Lavandula the Halfling Enchanter began the quest for the
                  | Orb.
     0 | D:1      | Reached XP level 1. HP: 11/11 MP: 3/3
   382 | D:1      | Reached XP level 2. HP: 8/17 MP: 4/4
   568 | D:2      | Learned a level 2 spell: Ensorcelled Hibernation
   668 | D:3      | Slain by a worker ant

Vault maps used:
D:1:      minmay_arrival_open_corners, serial_park_tiny_pond
D:2:      grunt_temple_overflow_order_and_chaos_1, okawaru_altar_gauntlet_db,
          minmay_hedge_maze
D:3:      first_ration, serial_co_window_serial, co_window_corner_a,
          co_window_paths_a, co_window_corner_a, co_window_corner_a,
          co_window_paths_a, co_window_2corner, co_window_cross_2,
          co_window_corner_b, co_window_2corner, co_window_4corner_b,
          co_window_paths_e, glass_columns_a, glass_columns_a, glass_columns_a,
          glass_columns_b, minmay_misc_feat_cross, kennysheep_jessica_study
D:4:      nicolae_overflow_hidden_temple, minmay_temple_entry_grid,
          nrook_mini_backslash

Skill      XL: |  1 |
---------------+----+-----
Short Blades   | 2 |  2.6
Dodging        | |  2.1
Stealth        | |  3.2
Spellcasting   | |  1.5
Hexes          | |  2.4

Action                   || total
-------------------------++-------
Melee: Dagger            ||    21
 Cast: Corona            ||     6
  Use: Potion            ||     1
 Stab: Sleeping          ||     1
Armor: Robe              ||     3
Dodge: Dodged            ||    20

Table legend:
 A = Non-vault XP
 B = Vault XP
 C = Vault XP percentage of total XP
 D = Non-vault monster count
 E = Vault monster count
 F = Vault count percentage of total count
                 A         B        C        D         E       F
            +---------+---------+-------+---------+---------+-------
      Total |      13 |       0 |   0.0 |       6 |       0 |   0.0
            +---------+---------+-------+---------+---------+-------
        D:1 |       9 |       0 |   0.0 |       4 |       0 |   0.0
        D:2 |       4 |       0 |   0.0 |       2 |       0 |   0.0
            +---------+---------+-------+---------+---------+-------
